 Dungeon Sprint DCSS version 0.24-a0-539-g6aae15e (webtiles) character file.

Game seed: 9907133886292997985

10 Faca the Chopper (level 2, 0/30 HPs)
             Began as a Deep Dwarf Fighter on Aug 18, 2019.
             Slain by a centaur (7 damage)
             ... in the Dungeon (Sprint IX: "|||||||||||||||||||||||||||||").
             The game lasted 00:00:20 (33 turns).

Faca the Chopper (Deep Dwarf Fighter)                 Turns: 33, Time: 00:00:20

Health: 0/30       AC:  6    Str: 19    XL:     2   Next: 10%
Magic:  2/2        EV:  7    Int:  8    God:
Gold:   0          SH:  9    Dex: 12    Spells: 1/1 levels left

rFire    . . .     SeeInvis .   a - +0 war axe
rCold    . . .     Gourm    .   c - +0 shield
rNeg     . . .     Faith    .   b - +0 scale mail
rPois    .         Spirit   .   (no helmet)
rElec    .         Reflect  .   (no cloak)
rCorr    .         Harm     .   (no gloves)
MR       .....     NoTele   +   (no boots)
Stlth    ..........             (no amulet)
HPRegen  0.00/turn              (no ring)
MPRegen  0.08/turn              (no ring)

@: non-regenerating
A: damage resistance, heal wounds, sense surroundings 1, no regeneration
a: Heal Wounds


You were in the Dungeon.
You were not hungry.

You visited 1 branch

Inventory:

Hand Weapons
 a - a +0 war axe (weapon)
Armour
 b - a +0 scale mail (worn)
 c - a +0 shield (worn)
Scrolls
 k - a scroll of blinking
Potions
 d - a potion of might
 e - a potion of curing
 g - a potion of heal wounds
 h - a potion of haste
 i - 2 potions of magic
 j - a potion of berserk rage
Comestibles
 f - a ration


   Skills:
 + Level 3.8 Fighting
 + Level 3.9 Axes
 - Level 3.2 Armour
 - Level 3.2 Shields


You had one spell level left.
You didn't know any spells.
Your spell library was empty.

Dungeon Overview and Level Annotations

Branches:
Dungeon (1/1)

Altars:


Innate Abilities, Weirdness & Mutations

You are resistant to damage.
You can heal yourself by infusing magical energy.
You passively map a small area around you.
You do not regenerate.


Message History

The centaur wields a +0 shortbow.
The centaur shoots an arrow.
The arrow hits you!
The centaur unwields a +0 shortbow.
You block the centaur's attack.
There is an open door here.
Your shield prevents you from hitting the centaur.
The centaur closely misses you. The centaur completely misses you.
The centaur hits you.
You closely miss the centaur. You block the centaur's attack. x2
You barely miss the centaur.
The giant cockroach waves its antennae.
The centaur closely misses you. You block the centaur's attack.
You hit the centaur.
The centaur is moderately wounded.
The centaur hits you!
* * * LOW HITPOINT WARNING * * *
The centaur hits you but does no damage.
You hit the centaur but do no damage.
The centaur is moderately wounded.
The centaur hits you!
You die... * ▓▓▓▓▓▓▓▓▓▓▓▓▓▓▓▓▓▓ _ +sochc@(....)...<▓ * ▓▓▓▓▓▓▓▓▓▓▓▓▓▓▓▓▓▓ , , , , , , * * ,* ,, , , ,, * * * * * , , * * * * ,

You could see 2 centaurs, a hound, an orc priest and a giant cockroach.

Vanquished Creatures
  An ooze (D)
  A giant cockroach (D)
  2 goblins (D)
  A hobgoblin (D)
5 creatures vanquished.

Notes
Turn   | Place    | Note
-------+----------+-------------------------------------------
     0 | D        | Faca the Deep Dwarf Fighter began the quest for the Orb.
     0 | D        | Reached XP level 1. HP: 20/20 MP: 1/1
    15 | D        | Reached XP level 2. HP: 27/30 MP: 2/2
    27 | D        | Noticed a centaur
    27 | D        | Noticed a centaur
    33 | D        | Slain by a centaur

Levels and vault maps discovered:
D:        linesprint [early_d, line_temple, items_1, d_10, items_2, lair_1,
          lair_end, items_3, orc_1, orc_end, items_4, d_15, swamp_1, shoals_1,
          snake_1, spider_1, d_20, vaults_1, items_5, swamp_end, shoals_end,
          snake_end, spider_end, vaults_end, d_27, items_6, zot_1, zot_end,
          crypt_end, forest_end, elf_end, slime_end, tomb_end, abyss_end,
          pan_hell_end]

Skill      XL: |  1 |
---------------+----+-----
Fighting       | 3 |  3.8
Axes           | 3 |  3.9
Armour         | |  3.2
Shields        | |  3.2

Action                   || total
-------------------------++-------
Melee: War axe           ||    22
Armor: Scale mail        ||     7
Dodge: Dodged            ||     4
Block: Shield            ||    11

Table legend:
 A = Non-vault XP
 B = Vault XP
 C = Vault XP percentage of total XP
 D = Non-vault monster count
 E = Vault monster count
 F = Vault count percentage of total count
                 A         B        C        D         E       F
            +---------+---------+-------+---------+---------+-------
      Total |       0 |      15 | 100.0 |       0 |       5 | 100.0
            +---------+---------+-------+---------+---------+-------
          D |       0 |      15 | 100.0 |       0 |       5 | 100.0
            +---------+---------+-------+---------+---------+-------
